 Dungeon Crawl Stone Soup version 0.27-a0-522-g46bbb28828 (webtiles) character file.

Game seed: 18315355250830365031

65 wakim the Ducker (level 4, -8/28 HPs)
             Began as an Octopode Transmuter on Mar 4, 2021.
             Mangled by a gnoll
             ... wielding a +0 flail
              (11 damage)
             ... on level 2 of the Dungeon.
             The game lasted 00:03:56 (2066 turns).

wakim the Ducker (Octopode Transmuter)              Turns: 2066, Time: 00:03:57

Health: -8/28      AC:  1    Str:  9    XL:     4   Next: 14%
Magic:  7/7        EV: 14    Int: 16    God:
Gold:   57         SH:  0    Dex: 12    Spells: 6/7 levels left

rFire    . . .     SeeInvis .   k - +1 mace (holy)
rCold    . . .     Faith    .   (no shield)
rNeg     . . .     Spirit   .   (helmet currently unavailable)
rPois    .         Reflect  .   (no amulet)
rElec    .         Harm     .   (no ring)
rCorr    .         Rampage  .   (no ring)
Will     .....                  (no ring)
Stlth    ++........             (no ring)
HPRegen  0.09/turn              (no ring)
MPRegen  0.10/turn              (no ring)
                                (no ring)
                                (no ring)

@: appendages (expiring)
A: almost no armour, amphibious, 8 rings, constrict 8, tentacle spike 3,
camouflage 1, gelatinous body 1, nimble swimmer 1
a: End Transformation


You were on level 2 of the Dungeon.
One of your tentacles had a temporary spike.
You visited 1 branch of the dungeon, and saw 2 of its levels.

You collected 57 gold pieces.

Inventory:

Hand Weapons
 k - a +1 mace of holy wrath (weapon)
Missiles
 d - 3 atropa-tipped darts
 f - 32 sling bullets
 h - 3 poisoned darts (quivered)
Jewellery
 e - a ring of ice
Scrolls
 a - 3 scrolls of fear {unknown}
 g - a scroll of identify {unknown}
 i - a scroll of amnesia {unknown}
Potions
 c - 2 potions of haste {unknown}
 j - a potion of heal wounds {unknown}


   Skills:
 - Level 1.0 Fighting
 + Level 4.3 Dodging
 - Level 3.0 Unarmed Combat
 - Level 2.0 Spellcasting
 - Level 2.0 Transmutations


You had 6 spell levels left.
You knew the following spells:

 Your Spells              Type           Power        Failure   Level
a - Beastly Appendage     Tmut           16%          9%          1

Your spell library contained the following spells:

 Spells                   Type           Power        Failure   Level
 Wereblood                Tmut           8%           14%         2
 Spider Form              Tmut/Pois      2%           38%         3
 Ice Form                 Ice/Tmut       4%           80%         4
 Blade Hands              Tmut           4%           94%         5


Dungeon Overview and Level Annotations

Branches:
Dungeon (2/15)

Altars:
Elyvilon


Innate Abilities, Weirdness & Mutations

You cannot wear most types of armour.
You are amphibious.
You can wear up to eight rings at the same time.
You can use your tentacles to constrict eight enemies at once.
Your skin changes colour to match your surroundings (Stealth+).
Your rubbery body absorbs attacks. (AC +1, EV +1)
You are stealthy while swimming. (Stealth+)
One of your tentacles bears a large vicious spike.


Message History

You kill the gnoll!
The gnoll hits you with a +0 club.
Your Dodging skill increases to level 4!
Casting: Beastly Appendage (safe; 9% risk of failure)
Confirm with . or Enter, or press ? or * to list all spells.
One of your tentacles grows a vicious spike.
You hit the gnoll but do no damage. Your grab misses the gnoll.
You pierce the gnoll, but do no damage.
The gnoll hits you with a +0 club. The gnoll completely misses you.
You barely miss the gnoll. Your grab misses the gnoll.
The gnoll hits you with a +0 club.
* * * LOW HITPOINT WARNING * * *
You hit the gnoll but do no damage. Your grab misses the gnoll.
You pierce the gnoll.
The gnoll is moderately wounded.
The gnoll barely misses you.
You hit the gnoll. Your grab misses the gnoll.
You pierce the gnoll.
The gnoll is heavily wounded.
The gnoll hits you but does no damage. The gnoll barely misses you.
You hit the gnoll but do no damage. Your grab misses the gnoll.
Your tentacle spike misses the gnoll.
The gnoll is heavily wounded.
The gnoll barely misses you.
You barely miss the gnoll. You grab the gnoll.
You pierce the gnoll, but do no damage.
You squeeze the gnoll.
The gnoll is almost dead.
Your transformation is almost over.
You constrict the gnoll, but do no damage.
The gnoll hits you with a +0 club!
* * * LOW HITPOINT WARNING * * *
You sock the gnoll!
You kill the gnoll!
You have reached level 4!
You closely miss the gnoll. Your grab misses the gnoll.
The gnoll closely misses you.
You hit the gnoll but do no damage. You grab the gnoll.
You pierce the gnoll.
The gnoll is lightly wounded.
You constrict the gnoll. The gnoll barely misses you.
The gnoll hits you with a +0 flail!
You die...

#........#########.#
......#†...........#
#######.######### #.#
#.########
#........###########
#........#.......†.#
#..#####.#.#######.#
###..#####.#@# #.#
#.......##.#g##### #.#
#####.#..##.....(....# #.#
.......[.#####.#.###.# #.#
#####..........#.###.###)#
##.........#..>..†...#
##.#########.##.#.### #.
#.##.#.# #. .....#.#


You could see a gnoll.

Vanquished Creatures
  An adder (D:2)
  3 gnolls (D:2)
  A worm (D:2)
  2 giant cockroaches (D:2)
  5 hobgoblins
  A quokka (D:2)
  A frilled lizard (D:2)
  5 kobolds
  9 rats
28 creatures vanquished.

Vanquished Creatures (others)
  4 toadstools (D:1)
4 creatures vanquished.

Grand Total: 32 creatures vanquished

Notes
Turn   | Place    | Note
-------+----------+-------------------------------------------
     0 | D:1      | wakim the Octopode Transmuter began the quest for the Orb.
     0 | D:1      | Reached XP level 1. HP: 13/13 MP: 3/3
   904 | D:2      | Reached XP level 2. HP: 5/18 MP: 5/5
  1205 | D:2      | Found a white marble altar of Elyvilon.
  1284 | D:2      | Reached skill level 3 in Dodging
  1633 | D:2      | Reached XP level 3. HP: 14/23 MP: 4/6
  2057 | D:2      | Reached skill level 4 in Dodging
  2065 | D:2      | Reached XP level 4. HP: 3/28 MP: 7/7
  2066 | D:2      | Mangled by a gnoll

Illustrated notes

Levels and vault maps discovered:
D:1:      ldierk_water_garden, layout_basic
D:2:      layout_loops_corners, elyvilon_altar_1

Skill      XL: |  1  2  3 |
---------------+----------+-----
Dodging        | 3 4 |  4.3
Fighting       | |  1.0
Unarmed Combat | |  3.0
Spellcasting   | |  2.0
Transmutations | |  2.0

Action                   |  1- 3 |  4- 6 || total
-------------------------+-------+-------++-------
Melee: Spear             |    44 |       ||    44
       Constrict         |    11 |     1 ||    12
       Tentacles         |     8 |       ||     8
       Punch             |     1 |       ||     1
       Kick              |     6 |     1 ||     7
       Mace              |    15 |     2 ||    17
Throw: Dart              |    33 |       ||    33
 Cast: Beastly Appendage |     2 |       ||     2
 Stab: Sleeping          |     5 |       ||     5
Dodge: Dodged            |    23 |     2 ||    25

Table legend: (Time is in decaauts)
 A = Elapsed time spent in this place.
 B = Non-inter-level travel time spent in this place.
 C = Inter-level travel time spent in this place.
 D = Time resting spent in this place.
 E = Time spent auto-exploring this place.
 F = Levels seen in this place.
 G = Mean time per level.
                   A        B        C        D        E       F      G
               +--------+--------+--------+--------+--------+-----+--------+
         Total |   2075 |   2055 |     20 |    793 |    958 |   2 | 1037.5 |
       Dungeon |   2075 |   2055 |     20 |    793 |    958 |   2 | 1037.5 |
               +--------+--------+--------+--------+--------+-----+--------+

Top non-repeatable levels by time:
     D:2: 1219 daAuts
     D:1: 856 daAuts
